AoeStats
← Let's Sutra!

MegaRandom

509299855Analyzed
4v4 RM · 7d ago on Sep 26, 2026· 77m 6s· 8 players
Game mode
Random Map
Map size
Large (8 player)
Population
200
Speed
Normal
Resources
Standard
Victory
Conquest
Starting age
Dark Age
Ending age
Imperial Age
RankedLock teamsTeams togetherTeam positionsShared explorationLock speedFull tech treeHidden civsTurbo modeCheats
Victory
Defeat
🇨🇭 Malay · Switzerland
1057
+12
🇨🇭 Bohemians · Switzerland
1044
+12
🇺🇸 Berbers · United States
974
+15
🇬🇧 Japanese · United Kingdom
947
+16
🇮🇳 Huns · India
1036
-16
🇮🇩 Saracens · Indonesia
972
-14
🇨🇳 Teutons · China
929
-13
🇮🇳 Sicilians · India
913
-12
I like villager
16:21 Feudal Age
15:18 Loom
17:26 Double-Bit Axe
17:23 Horse Collar
19:00 Wheelbarrow
18:11 Town Watch
26:09 Forging
26:00 Scale Mail Armor
29:43 Gold Mining
35:00 Castle Age
34:42 Arson
35:35 Bloodlines
36:49 Iron Casting
36:30 Chain Mail Armor
37:15 Squires
37:00 Gambesons
36:40 Elite Skirmisher
37:45 Ballistics
41:26 Hand Cart
41:20 Husbandry
40:41 Light Cavalry
46:37 First Crusade
48:30 Bow Saw
48:37 Town Patrol
50:52 Gold Shaft Mining
54:55 Imperial Age
59:06 Chemistry
58:40 Heavy Scorpion
60:22 Elite Serjeant
63:45 Plate Mail Armor
64:29 Blast Furnace
69:36 Pikeman
71:26 Halberdier
开局一片田
14:46 Feudal Age
19:01 Castle Age
17:25 Double-Bit Axe
17:44 Horse Collar
17:54 Loom
I like sheep
15:26 Feudal Age
20:47 Castle Age
19:05 Double-Bit Axe
21:17 Fletching
22:37 Bodkin Arrow
24:52 Padded Archer Armor
31:41 Leather Archer Armor
32:49 Ballistics
33:27 Scale Barding Armor
34:49 Bloodlines
34:33 Horse Collar
36:08 Husbandry
37:04 Thumb Ring
40:18 Loom
43:07 Imperial Age
41:57 Chain Barding Armor
43:04 Wheelbarrow
44:23 Bracer
46:26 Forging
46:52 Plate Barding Armor
52:39 Marauders
53:18 Iron Casting
53:41 Conscription
53:41 Bow Saw
64:02 Blast Furnace
68:59 Light Cavalry
71:09 Hussar
Paradise
15:07 Feudal Age
13:23 Loom
24:04 Castle Age
22:40 Horse Collar
24:01 Wheelbarrow
29:34 Heavy Plow
35:44 Scale Barding Armor
41:22 Chain Barding Armor
41:13 Forging
44:43 Imperial Age
43:54 Iron Casting
43:24 Light Cavalry
47:27 Plate Barding Armor
47:47 Elite Mameluke
53:06 Bloodlines
52:56 Husbandry
71:47 Caravan
Mamarie
16:19 Feudal Age
16:49 Horse Collar
17:47 Wheelbarrow
24:07 Castle Age
21:57 Double-Bit Axe
25:27 Hand Cart
28:19 Heavy Plow
29:07 Padded Archer Armor
28:58 Fletching
30:21 Elite Skirmisher
33:46 Bow Saw
37:04 Chemistry
40:32 Imperial Age
37:52 Town Watch
41:52 Conscription
41:51 Wagenburg Tactics
42:02 Light Cavalry
43:20 Leather Archer Armor
43:01 Bodkin Arrow
43:12 Scale Barding Armor
43:31 Ballistics
43:08 Murder Holes
44:21 Town Patrol
48:38 Chain Barding Armor
48:49 Ring Archer Armor
48:20 Bracer
48:24 Husbandry
47:45 Cavalier
50:07 Two-Man Saw
60:23 Masonry
kriket
15:21 Feudal Age
15:57 Wheelbarrow
16:17 Double-Bit Axe
16:44 Loom
20:11 Horse Collar
25:04 Castle Age
23:50 Fletching
24:00 Padded Archer Armor
24:18 Elite Skirmisher
25:27 Bow Saw
26:47 Fishing Lines
28:01 Leather Archer Armor
27:42 Bodkin Arrow
30:37 Hand Cart
35:26 Gillnets
36:14 Thumb Ring
38:39 Heavy Plow
41:30 Forging
45:52 Imperial Age
43:31 Town Watch
45:43 Ballistics
45:56 Bracer
47:09 Gold Mining
47:10 Stone Mining
48:12 Crop Rotation
48:09 Conscription
49:20 Stone Shaft Mining
49:20 Gold Shaft Mining
52:22 Chemistry
51:18 Murder Holes
51:36 Guilds
51:27 Caravan
54:27 Elite Cannon Galleon
55:49 Elite Karambit Warrior
59:25 Medium Warships
61:31 Heavy Warships
62:08 Iron Casting
62:04 Ring Archer Armor
64:28 Blast Furnace
66:59 Husbandry
66:20 Cavalier
67:10 Scale Barding Armor
72:38 Elite Battle Elephant
77:11 Thalassocracy
Let's Sutra!
6:22 Loom
16:35 Feudal Age
17:05 Horse Collar
17:47 Double-Bit Axe
26:06 Castle Age
28:00 Bow Saw
28:15 Husbandry
30:01 Bloodlines
34:23 Scale Barding Armor
34:29 Forging
35:42 Kasbah
36:10 Chain Barding Armor
37:11 Iron Casting
43:31 Gold Mining
46:44 Imperial Age
48:09 Heavy Camel Rider
55:57 Blast Furnace
55:32 Plate Barding Armor
56:20 Maghrebi Camels
63:35 Cavalier
necca
12:54 Loom
19:44 Feudal Age
21:49 Wheelbarrow
24:21 Castle Age
22:49 Horse Collar
23:27 Double-Bit Axe
25:36 Wheelbarrow
25:21 Bow Saw
25:14 Heavy Plow
26:42 Hand Cart
26:15 Town Watch
29:02 Husbandry
29:13 Bloodlines
31:56 Padded Archer Armor
31:47 Fletching
39:49 Town Patrol
41:33 Stone Mining
41:34 Gold Mining
42:41 Thumb Ring
45:16 Imperial Age
43:54 Ballistics
46:17 Elite Genitour
48:04 Conscription
50:09 Chemistry
49:32 Leather Archer Armor
49:10 Fletching
49:39 Forging
50:46 Scale Barding Armor
54:01 Kataparuto
57:26 Hoardings
56:52 Elite Samurai
61:50 Masonry
61:46 Siege Engineers
61:22 Treadmill Crane
61:39 Murder Holes
61:56 Fortified Wall
63:21 Chain Barding Armor
63:39 Iron Casting
63:29 Cavalier
65:54 Bodkin Arrow
66:29 Ring Archer Armor
65:59 Scale Mail Armor
67:00 Blast Furnace
66:47 Bracer
68:09 Parthian Tactics
67:05 Heavy Cavalry Archer
67:09 Elite Skirmisher
67:11 Crossbowman
70:04 Two-Man Saw
70:15 Gold Shaft Mining
70:41 Light Cavalry
71:39 Chain Mail Armor
Connection lost

Rejoining the realm…

Still unreachable

The connection could not be restored.

Session expired

The server has moved on; the page needs a fresh start.